 Dungeon Crawl Stone Soup version 0.27.1-35-g4d5d836560 (webtiles) character file.

Game seed: 13656217251627943125

17 pkoi the Insei (level 2, -4/24 HPs)
             Began as a Demigod Gladiator on June 3, 2022.
             Slain by an orc priest (9 damage)
             ... on level 2 of the Dungeon.
             The game lasted 00:01:19 (1146 turns).

pkoi the Insei (Demigod Gladiator)                  Turns: 1146, Time: 00:01:19

Health: -4/24      AC:  4    Str: 15    XL:     2   Next: 30%
Magic:  4/4        EV: 12    Int: 10    God:
Gold:   43         SH:  0    Dex: 15    Spells: 1/1 levels left

rFire    . . .     SeeInvis .     - Unarmed
rCold    . . .     Faith    .   (no shield)
rNeg     . . .     Spirit   .   a - +0 leather armour
rPois    .         Reflect  .   b - +0 helmet
rElec    .         Harm     .   (no cloak)
rCorr    .         Rampage  .   (no gloves)
Will     .....                  (no boots)
Stlth    +.........             g - amulet of regeneration
HPRegen  1.08/turn              (no ring)
MPRegen  0.09/turn              (no ring)

@: flying
A: high mp 1, forlorn
a: no special abilities


You were on level 2 of the Dungeon.
You visited 1 branch of the dungeon, and saw 2 of its levels.

You collected 43 gold pieces.

Inventory:

Missiles
 c - 3 throwing nets (quivered)
Armour
 a - a +0 leather armour (worn)
 b - a +0 helmet (worn)
Jewellery
 g - an amulet of regeneration (around neck)
Scrolls
 f - a scroll of fear
 i - a scroll of enchant weapon {unknown}
Potions
 h - a potion of curing


   Skills:
 - Level 1.7 Fighting
 - Level 1.7 Throwing
 - Level 2.6 Dodging
 + Level 3.5 Unarmed Combat


You had one spell level left.
You didn't know any spells.
Your spell library was empty.

Dungeon Overview and Level Annotations

Branches:
Dungeon (2/15)


Innate Abilities, Weirdness & Mutations

Your attributes grow dramatically as you level up.
You have an increased reservoir of magic. (+10% MP)
You shall have no god before yourself.


Message History

Unknown command.
The orc priest calls down the wrath of Beogh upon you.
Pain shoots through your body!
Unknown command.
You hit the orc.
The orc is almost dead.
The orc hits you but does no damage.
The orc priest hits you with a +0 flail.
You barely miss the orc.
The orc is almost dead.
The orc splashes around in the water.
The orc priest hits you with a +0 flail.
The orc hits you with a +0 mace.
You hit the orc but do no damage.
The orc is almost dead.
The orc splashes around in the water.
The orc priest barely misses you. The orc barely misses you.
You hit the orc.
You kill the orc!
You hear a splash.
The orc priest mumbles some strange prayers to Beogh against you.
Pain shoots through your body!
* * * LOW HITPOINT WARNING * * *
The orc barely misses you.
It was a potion of flight.
You feel very buoyant.
You fly up into the air.
The orc priest hits you with a +0 flail.
* * * LOW HITPOINT WARNING * * *
The orc hits you but does no damage.
It was a potion of curing.
You feel better.
The orc priest hits you with a +0 flail!
* * * LOW HITPOINT WARNING * * *
The orc closely misses you.
Okay, then.
As you read the scroll labelled UFUJOGHEDE, it crumbles to dust.
It is a scroll of identify.
f - a scroll of fear The orc priest hits you with a +0 flail!
You die...

..#...................###.#
.......#..#######.........##
.......#.###$⌠$###.........#
..#.#..#.##.....##.........#
. #......#.......#..>......#
#.#....#.≈...≈.#..##.#.###
#.#....#.......#.....#.# #
#.#..#.......#.)####.#
#<...#.....o@#..######
####.#.≈...)o#....#
.#.......#).###
............# ............#
#############


You could see an orc priest and an orc.

Vanquished Creatures
  3 orcs (D:2)
  3 endoplasms (D:1)
  3 hobgoblins (D:1)
  A quokka (D:1)
  A bat (D:1)
  A kobold (D:1)
12 creatures vanquished.

Notes
Turn   | Place    | Note
-------+----------+-------------------------------------------
     0 | D:1      | pkoi the Demigod Gladiator began the quest for the Orb.
     0 | D:1      | Reached XP level 1. HP: 17/17 MP: 3/3
   126 | D:1      | Reached skill level 3 in Unarmed Combat
   886 | D:1      | Reached XP level 2. HP: 24/24 MP: 4/4
  1146 | D:2      | Slain by an orc priest

Illustrated notes

Levels and vault maps discovered:
D:1:      minmay_arrival_nine_rooms, layout_loops_ring,
          hellmonk_ecumenical_altar_arch_garden
D:2:      cheibrodos_pilgrimage, layout_basic

Skill      XL: |  1 |
---------------+----+-----
Unarmed Combat | 3 |  3.5
Fighting       | |  1.7
Throwing       | |  1.7
Dodging        | |  2.6

Action                   || total
-------------------------++-------
Melee: Unarmed           ||    53
       Punch             ||     1
  Use: Potion            ||     2
       Scroll            ||     1
 Stab: Sleeping          ||     1
Armor: Leather armour    ||    11
Dodge: Dodged            ||    38
